 Dungeon Crawl Stone Soup version 0.31-a0-466-g98c9adc2b6 (webtiles) character file.

Game seed: 7578932830146510024

8393 arthad the Destroyer (level 11, 0/80 HPs)
             Began as a Demonspawn Fire Elementalist on Aug 5, 2023.
             Was an Elder of Vehumet.
             Slain by a seven-headed hydra (13 damage)
             ... on level 8 of the Dungeon.
             The game lasted 00:29:24 (9845 turns).

arthad the Destroyer (Demonspawn Fire Elementalist) Turns: 9845, Time: 00:29:25

Health: 0/80       AC:  7    Str:  9    XL:     11   Next: 9%
Magic:  13/22      EV: 14    Int: 21    God:    Vehumet [****..]
Gold:   542        SH:  0    Dex: 13    Spells: 10/25 levels left

rFire   + . .        i - +1 quarterstaff (spect)
rCold   x . .        (shield currently unavailable)
rNeg    . . .        H - +1 robe {Will+}
rPois   .            (helmet restricted)
rElec   .            r - +0 cloak
rCorr   .            (no gloves)
SInv    +            (no boots)
Will    +....        (no amulet)
Stlth   +++          g - ring of fire
HPRegen 0.33/turn    l - ring of see invisible
MPRegen 0.18/turn

%: no passive effects
@: about to teleport
A: antennae 1, icy blue scales 2, spiny 2, demonic magic 3
a: Renounce Religion


You were on level 8 of the Dungeon.
You worshipped Vehumet.
Vehumet was greatly pleased with you.
You visited 1 branch of the dungeon, and saw 8 of its levels.
You also visited: Ossuary.

You collected 542 gold pieces.

Inventory:

Hand Weapons
 i - a +1 spectral quarterstaff (weapon)
 q - a +4 quarterstaff of electrocution
Missiles
 e - 19 poisoned darts
 j - 5 curare-tipped darts
Armour
 a - a +0 robe
 r - a +0 cloak (worn)
 u - a +1 ring mail of cold resistance
 H - a +1 robe of willpower (worn)
Magical Staves
 d - a staff of earth
Jewellery
 g - a ring of fire (left hand)
 l - a ring of see invisible (right hand)
 n - a ring of ice
 y - a +4 ring of slaying
 z - a ring of fire
Wands
 o - a wand of iceblast (15)
 t - a wand of mindburst (3)
 x - a wand of flame (3)
 E - a wand of paralysis (11)
Scrolls
 c - 4 scrolls of noise
 h - 6 scrolls of teleportation
 w - 5 scrolls of summoning
 D - a scroll of fog
 F - a scroll of poison
 G - a scroll of vulnerability
Potions
 b - a potion of magic
 f - 3 potions of brilliance
 k - a potion of might
 m - a potion of attraction {unknown}
 p - a potion of lignification {unknown}
 s - 2 potions of curing
 v - a potion of mutation {unknown}
 A - a potion of haste {unknown}
 B - 3 potions of heal wounds
 C - 2 potions of berserk rage {unknown}


   Skills:
 + Level 5.3 Fighting
 - Level 3.9 Staves
 - Level 3.9 Armour
 + Level 6.0 Dodging
 + Level 5.7 Stealth
 * Level 7.7 Spellcasting
 * Level 8.2 Conjurations
 + Level 5.0 Hexes
 + Level 1.1 Transmutations
 * Level 8.0 Fire Magic
 - Level 2.2 Evocations


You had 10 spell levels left.
You knew the following spells:

 Your Spells              Type           Power      Damage    Failure   Level
a - Foxfire               Conj/Fire      100%       2x1d9     1%          1
b - Scorch                Fire           100%       2d9       1%          2
c - Flame Wave            Conj/Fire      58%        2d14      1%          4
d - Tukima's Dance        Hex            29%        N/A       3%          3
e - Yara's Violent Unrav  Hex/Tmut       10%        3d6       17%         5

Your spell library contained the following spells:

 Spells                   Type           Power      Damage    Failure   Level
 Sticky Flame             Conj/Fire      58%        2d7       1%          4
 Inner Flame              Hex/Fire       52%        N/A       1%          3
 Volatile Blastmotes      Fire/Tloc      74%        2d16      1%          3
 Apportation              Tloc           16%        N/A       9%          1
 Necrotise                Necr           32%        1d5       9%          1
 Summon Small Mammal      Summ           32%        N/A       9%          1
 Passage of Golubria      Tloc           8%         N/A       63%         4


Dungeon Overview and Level Annotations

Branches:
Dungeon (8/15)             Temple (0/1) D:4         Ossuary (visited)
   Lair: D:8-11

Altars:
Dithmenos
Fedhas
Gozag
Kikubaaqudgha
Makhleb
Ru
Sif Muna
Uskayaw
Vehumet

Shops:
D:3 (


Innate Abilities, Weirdness & Mutations

You have a pair of small antennae on your head.
You are mostly covered in icy blue scales. (AC +3)
You are mostly covered in sharp spines.
Spells you cast and wands you use may paralyse nearby enemies.


Message History

You start removing your armour.
You continue taking off your +0 robe. x4
You finish taking off your +0 robe.
You start putting on your armour.
You continue putting on your +1 robe of willpower. x5
The seven-headed hydra is struck by your spines.
The seven-headed hydra closely misses you.
The seven-headed hydra bites you!
The seven-headed hydra barely misses you.
The seven-headed hydra misses you.
The seven-headed hydra barely misses you.
The seven-headed hydra bites you!
The seven-headed hydra closely misses you.
You finish putting on your +1 robe of willpower.
You feel strong-willed.
As you read the scroll of teleportation, it crumbles to dust.
You feel strangely unstable. The seven-headed hydra bites you!
The seven-headed hydra closely misses you.
The seven-headed hydra bites you but does no damage.
The seven-headed hydra barely misses you. x2
The seven-headed hydra bites you!
The seven-headed hydra barely misses you.
Casting: Flame Wave (mildly dangerous; 1% risk of failure)
Confirm with . or Enter, or press ? or * to list all spells.
Casting: Flame Wave (mildly dangerous; 1% risk of failure)
Press: ? - help, Dir - look around, f - activate You feel a surge of power!
A wave of flame ripples out!
The flame wave engulfs the seven-headed hydra!
The seven-headed hydra is moderately wounded. (Press . to intensify the flame waves.) Malevolent energies surge around you.
You hear a shout!
The seven-headed hydra is struck by your spines.
The seven-headed hydra barely misses you.
The seven-headed hydra bites you!
* * * LOW HITPOINT WARNING * * *
The seven-headed hydra bites you!
* * * LOW HITPOINT WARNING * * *
The seven-headed hydra closely misses you.
The seven-headed hydra bites you!
You die...

#.# #..# ..# #.#
#..##...# #.# #...#
...# ####.###...##....
##.....ยง#....### ##
....##(##......#### .#
###.##)##.........##'#
#.##.)#.........)..##
#.###..)....).@)[...#
#.# ######.....D.[..##
#.# ####........###
#.# { ###........# ##
#.# ##[....... #. #.#
{{#(....... ... #.##
##()..... #..##
'##.... ###...## ..
###.


You could see a seven-headed hydra.

Vanquished Creatures
  A two-headed ogre (D:8)
  Pikel (D:7)
  Joseph (D:8)
  Grinder (D:3)
  Sigmund (D:3)
  A wyvern (D:8)
  Eustachio (D:5)
  A steam dragon (D:8)
  Edmund (D:4)
  A water moccasin (D:6)
  3 black bears
  3 orc warriors
  3 ice beasts (D:7)
  2 sky beasts (D:8)
  2 ogres
  5 centaurs
  4 lemures (D:7)
  3 kobold brigands (D:8)
  A bullfrog (D:8)
  A scorpion (D:5)
  3 water moccasin zombies (Ossuary)
  A wight (D:8)
  Dowan (D:6)
  7 killer bees
  A howler monkey (D:8)
  A quasit (D:8)
  3 orc priests
  A gnoll bouda (D:7)
  4 hounds
  2 jellies (D:7)
  2 sleepcaps
  Crazy Yiuf (D:3)
  8 iguanas
  4 orc wizards
  Ijyb (D:4)
  Terence (D:2)
  Natasha (D:3)
  3 mummies
  Robin (D:3)
  4 gnolls (D:7)
  6 adders
  4 shadow imps (D:8)
  5 white imps
  6 ufetubi
  2 adder zombies (Ossuary)
  A worm (D:3)
  The ghost of RepHenryClay the Sneak, a weakling KoDe (D:4)
  2 dart slugs
  28 orcs
  9 bats
  6 endoplasms
  A giant cockroach (D:1)
  8 gnoll zombies (Ossuary)
  16 hobgoblins
  A jackal (D:3)
  5 quokkas
  7 ball pythons
  4 frilled lizards
  13 goblins
  3 hobgoblin zombies (Ossuary)
  5 kobolds
  8 kobold zombies (Ossuary)
  3 orc zombies (Ossuary)
  3 rats
234 creatures vanquished.

Vanquished Creatures (collateral kills)
  Duvessa (D:6)
  4 foxfires (D:8)
5 creatures vanquished.

Vanquished Creatures (others)
  663 foxfires
663 creatures vanquished.

Grand Total: 902 creatures vanquished

Notes
Turn   | Place    | Note
-------+----------+-------------------------------------------
     0 | D:1      | arthad the Demonspawn Fire Elementalist began the quest for
                  | the Orb.
     0 | D:1      | Reached XP level 1. HP: 13/13 MP: 3/3
   482 | D:1      | Gained mutation: You are partially covered in sharp spines.
                  | [demonic ancestry]
   482 | D:1      | Reached XP level 2. HP: 11/19 MP: 0/5
   774 | D:1      | Learned a level 2 spell: Scorch
  1198 | D:2      | Found a faded altar of an unknown god.
  1483 | D:2      | Found a shimmering blue altar of Sif Muna.
  1701 | D:2      | Noticed Terence
  1707 | D:2      | Gained mutation: Spells you cast may paralyse adjacent
                  | enemies. [demonic ancestry]
  1707 | D:2      | Reached XP level 3. HP: 24/24 MP: 1/6
  1714 | D:2      | Killed Terence
  2565 | D:3      | Gained mutation: You are partially covered in icy blue
                  | scales. (AC +2) [demonic ancestry]
  2565 | D:3      | Reached XP level 4. HP: 30/30 MP: 4/7
  2594 | D:3      | Found Qatzea's Weapon Shop.
  2642 | D:3      | Noticed Sigmund
  2647 | D:3      | Killed Sigmund
  2648 | D:3      | Reached XP level 5. HP: 26/35 MP: 1/9
  2722 | D:3      | Found a sacrificial altar of Ru.
  2927 | D:3      | Reached XP level 6. HP: 41/41 MP: 2/10
  3028 | D:3      | Noticed Natasha
  3033 | D:3      | Noticed Robin
  3132 | D:3      | Found a hide-covered altar of Uskayaw.
  3141 | D:3      | Killed Natasha
  3245 | D:3      | Killed Robin
  3251 | D:3      | Learned a level 4 spell: Flame Wave
  3325 | D:3      | Found a burning altar of Makhleb.
  3423 | D:3      | Found a radiant altar of Vehumet.
  3445 | D:3      | Found a blossoming altar of Fedhas.
  3455 | D:3      | Became a worshipper of Vehumet
  3476 | D:3      | Noticed Grinder
  3507 | D:3      | Killed Grinder
  3508 | D:3      | Gained mutation: You are mostly covered in icy blue scales.
                  | (AC +3) [demonic ancestry]
  3508 | D:3      | Reached XP level 7. HP: 41/47 MP: 4/12
  3657 | D:3      | Reached skill level 1 in Fighting
  3703 | D:3      | Found a runed translucent door.
  3704 | D:3      | Noticed Crazy Yiuf
  3880 | D:3      | Killed Crazy Yiuf
  4262 | D:4      | Found a staircase to the Ecumenical Temple.
  4332 | D:4      | Noticed Ijyb
  4338 | D:4      | Killed Ijyb
  4488 | D:4      | Found a runed translucent door.
  4635 | D:4      | Noticed Edmund
  4644 | D:4      | Killed Edmund
  4882 | D:4      | Noticed RepHenryClay's ghost (weakling KoDe)
  4911 | D:4      | Reached * piety under Vehumet
  4911 | D:4      | Offered knowledge of Shock by Vehumet.
  4971 | D:4      | Killed RepHenryClay's ghost
  5015 | D:4      | Reached skill level 5 in Stealth
  5015 | D:4      | Gained mutation: You have a pair of small antennae on your
                  | head. [demonic ancestry]
  5015 | D:4      | Reached XP level 8. HP: 60/60 MP: 12/17
  5016 | D:4      | Reached skill level 5 in Dodging
  5016 | D:4      | Gained mutation: You are mostly covered in sharp spines.
                  | [demonic ancestry]
  5016 | D:4      | Reached XP level 9. HP: 66/66 MP: 12/19
  5069 | D:5      | Entered Level 5 of the Dungeon
  5438 | D:5      | Noticed Eustachio
  5444 | D:5      | Killed Eustachio
  5927 | D:6      | Found an ancient bone altar of Kikubaaqudgha.
  6107 | D:6      | Noticed Dowan
  6108 | D:6      | Noticed Duvessa
  6113 | D:6      | Killed Dowan
  6115 | D:6      | Killed Duvessa
  6329 | D:6      | Gained mutation: Spells you cast may paralyse nearby
                  | enemies. [demonic ancestry]
  6329 | D:6      | Reached XP level 10. HP: 73/73 MP: 16/20
  6679 | D:7      | Reached ** piety under Vehumet
  6679 | D:7      | Offered knowledge of Kiss of Death by Vehumet.
  6990 | D:7      | Noticed Pikel
  7000 | D:7      | Killed Pikel
  7298 | D:7      | Found an opulent altar of Gozag.
  7345 | D:7      | Reached skill level 5 in Fighting
  7471 | D:7      | Offered knowledge of Static Discharge by Vehumet.
  8123 | D:8      | Reached *** piety under Vehumet
  8140 | D:8      | Found a sand-covered staircase.
  8186 | Ossuary  | Entered an ossuary
  8325 | Ossuary  | Offered knowledge of Dazzling Flash by Vehumet.
  8334 | Ossuary  | Learned a level 3 spell: Tukima's Dance
  8340 | Ossuary  | Learned a level 5 spell: Yara's Violent Unravelling
  8657 | D:8      | Found a shadowy altar of Dithmenos.
  8789 | D:8      | Reached **** piety under Vehumet
  9056 | D:8      | Offered knowledge of Sticky Flame by Vehumet.
  9062 | D:8      | Noticed a seven-headed hydra
  9242 | D:8      | Noticed a death knight
  9242 | D:8      | Noticed a two-headed ogre
  9247 | D:8      | Killed a two-headed ogre
  9248 | D:8      | Reached skill level 1 in Transmutations
  9248 | D:8      | Gained mutation: Spells you cast and wands you use may
                  | paralyse nearby enemies. [demonic ancestry]
  9248 | D:8      | Reached XP level 11. HP: 80/80 MP: 15/22
  9522 | D:8      | Noticed Joseph
  9742 | D:8      | Killed Joseph
  9743 | D:8      | Reached skill level 5 in Hexes
  9845 | D:8      | Slain by a seven-headed hydra

Illustrated notes

Levels and vault maps discovered:
D:1:      psy_arrival_basics, layout_basic
D:2:      layout_basic, basic_altar, basic_ecumenical_altar, uniq_terence
D:3:      layout_rooms, nicolae_vehumet_altar_sigil,
          mainiacjoe_overflow_alcove_4, amcnicky_altar_gilded,
          lemuel_doored_altar, mainiacjoe_overflow_cross_hatched,
          nicolae_ru_great_annihilating_truth, serial_shops, shop,
          kennysheep_generic_room_10, uniq_sigmund, uniq_grinder,
          uniq_crazy_yiuf_cottage, uniq_natasha, uniq_robin
D:4:      layout_gridville, minmay_temple_entry_drinking_statues,
          ebering_ghost_reflecting_pool, uniq_ijyb, uniq_edmund
D:5:      layout_basic, uniq_eustachio
D:6:      layout_rooms, kiku_gazebo_garden_becter, minmay_misc_feat_pillars,
          uniq_duvessa
D:7:      layout_loops_cross, grunt_gozag_breadcrumbs, minmay_misc_feat_five,
          nicolae_twisty_statue_hallways, uniq_pikel
D:8:      minmay_quarter_circles, layout_loops_ring,
          nicolae_dithmenos_through_a_glass_darkly, gup_ossuary_entry_pyramid,
          serial_demonic, serial_demonic_c, serial_demonic_a, serial_demonic_a,
          serial_demonic_a, serial_demonic_e, serial_demonic_e,
          serial_demonic_d, serial_demonic_e, uniq_joseph

Skill      XL: |  1  2  3  4  5  6  7  8  9 10 11 |
---------------+----------------------------------+-----
Stealth        | 2 3 5 |  5.7
Dodging        | 2 3 4 5 6 |  6.0
Fire Magic     | 3 4 6 7 8 |  8.0
Spellcasting   | 3 6 7 |  7.7
Conjurations   | 2 3 6 7 8 |  8.2
Fighting       | 3 4 5 |  5.3
Staves         | 3 |  3.9
Armour         | 3 |  3.9
Hexes          | 3 4 5 |  5.0
Evocations     | 2 |  2.2
Transmutations | 1 |  1.1

Action                     |  1- 3 |  4- 6 |  7- 9 | 10-12 || total
---------------------------+-------+-------+-------+-------++-------
  Melee: Unarmed           |    30 |       |       |       ||    30
         Punch             |     1 |       |       |       ||     1
         Quarterstaff      |     8 |     1 |     5 |     6 ||    20
   Cast: Foxfire           |    60 |    43 |    93 |   188 ||   384
         Scorch            |     3 |     8 |    19 |    32 ||    62
         Flame Wave        |       |       |     6 |    29 ||    35
         Tukima's Dance    |       |       |       |     1 ||     1
         Yara's Violent Un |       |       |       |     1 ||     1
  Evoke: Wand              |       |       |       |     1 ||     1
    Use: Potion            |     1 |       |     2 |     2 ||     5
         Scroll            |       |     3 |     5 |    10 ||    18
   Stab: Paralysed         |     1 |     1 |     3 |       ||     5
 Armour: Robe              |    19 |     8 |     1 |     7 ||    35
  Dodge: Dodged            |    44 |     8 |     2 |    49 ||   103

Table legend: (Time is in decaauts)
 A = Elapsed time spent in this place.
 B = Non-inter-level travel time spent in this place.
 C = Inter-level travel time spent in this place.
 D = Time resting spent in this place.
 E = Time spent auto-exploring this place.
 F = Levels seen in this place.
 G = Mean time per level.
                   A        B        C        D        E       F      G
               +--------+--------+--------+--------+--------+-----+--------+
         Total |   9871 |   9602 |    269 |    393 |   7759 |   9 | 1096.8 |
       Dungeon |   9554 |   9285 |    269 |    393 |   7531 |   8 | 1194.2 |
       Ossuary |    317 |    317 |      0 |      0 |    228 |   1 |  317.0 |
               +--------+--------+--------+--------+--------+-----+--------+

Top non-repeatable levels by time:
     D:7: 1523 daAuts
     D:3: 1453 daAuts
     D:8: 1374 daAuts
     D:2: 1347 daAuts
     D:1: 1180 daAuts
     D:4: 1088 daAuts
     D:5: 849 daAuts
     D:6: 736 daAuts
 Ossuary: 317 daAuts
